 Dungeon Crawl Stone Soup version 0.31-a0-150-g89dc3ad700 (webtiles) character file.

Game seed: 14649539363292029240

38783 qw the Marksminotaur (level 13, 0/125 HPs)
             Began as a Minotaur Hunter on June 8, 2023.
             Was a High Priest of Okawaru.
             Killed from afar by a lindwurm (25 damage)
             ... with a blast of flame
             ... on level 5 of the Lair of Beasts.
             The game lasted 00:07:06 (16151 turns).

qw the Marksminotaur (Minotaur Hunter)             Turns: 16151, Time: 00:07:07

Health: 0/125      AC: 13    Str: 16    XL:     13   Next: 65%
Magic:  19/19      EV: 25    Int:  9    God:    Okawaru [*****.]
Gold:   851        SH:  0    Dex: 22    Spells: 12/12 levels left

rFire   . . .        Y - +1 orcbow (freeze)
rCold   + . .        (shield currently unavailable)
rNeg    + . .        c - +2 leather armour of the Aged Queens {rC+ rN+ Int+3 Dex+3}
rPois   +            r - +2 hat {Stlth+}
rElec   .            u - +0 cloak
rCorr   +            d - +2 pair of gloves
SInv    .            (no boots)
Will    .....        f - amulet of faith
Stlth   ++++         e - ring of resist corrosion
HPRegen 0.40/turn    x - ring of poison resistance
MPRegen 0.16/turn

%: faith
@: heroic
A: horns 2, retaliatory headbutt
a: Renounce Religion, Heroism, Finesse, Duel


You were on level 5 of the Lair of Beasts.
You worshipped Okawaru.
Okawaru was extremely pleased with you.
You visited 3 branches of the dungeon, and saw 15 of its levels.

You collected 1031 gold pieces.
You spent 180 gold pieces at shops.


Innate Abilities, Weirdness & Mutations

You have a pair of horns on your head.
You reflexively headbutt those who attack you in melee.


   Skills:
 + Level 14.3(19.3) Fighting
 - Level 16.0(21.0) Ranged Weapons
 - Level 5.0(10.0) Armour
 - Level 12.0(17.0) Dodging
 - Level 0.7(5.7) Stealth
 - Level 10.0 Invocations


You had 12 spell levels left.
You didn't know any spells.
Your spell library was empty.

Inventory:

Hand Weapons
 Y - a +1 orcbow of freezing (weapon)
Armour
 c - the +2 leather armour of the Aged Queens (worn) {rC+ rN+ Int+3 Dex+3}
   (You found it on level 6 of the Dungeon)

   Int:       It affects your intelligence (+3).
   Dex:       It affects your dexterity (+3).
   rC:        It protects you from cold.
   rN:        It protects you from negative energy.
 d - a +2 pair of gloves (worn)
 i - a +1 leather armour of poison resistance
 r - a +2 hat of stealth (worn)
 u - a +0 cloak (worn)
Jewellery
 b - an amulet of reflection
 e - a ring of resist corrosion (left hand)
 f - an amulet of faith (around neck)
 s - a ring of resist corrosion
 t - a ring of fire
 x - a ring of poison resistance (right hand)
 y - a ring of ice
Wands
 v - a wand of digging (4)
Scrolls
 k - a scroll of identify
 q - 6 scrolls of teleportation
Potions
 a - a potion of resistance
 g - a potion of mutation
 h - a potion of magic
 j - 2 potions of haste
 l - a potion of might
 m - a potion of heal wounds
 n - 10 potions of curing
 o - a potion of cancellation
 p - a potion of berserk rage {unknown}

Dungeon Overview and Level Annotations

Branches:
Dungeon (9/15)             Temple (1/1) D:4            Lair (5/5) D:9
 Shoals (0/4) Lair:2       Spider (0/4) Lair:2        Slime (0/5) Lair:5
    Orc (0/2) D:9

Altars:
Ashenzari
Cheibriados
Dithmenos
Elyvilon
Fedhas
Gozag
Hepliaklqana
Kikubaaqudgha
Makhleb
Okawaru
Qazlal
Ru
Sif Muna
Trog
Uskayaw
Vehumet
Wu Jian
Xom
Yredelemnul
Zin
The Shining One

Shops:
D:2 :   D:4 *

Annotations:
D:3 1 runed translucent door, qw's ghost, amateur MiHu
D:4 2 transporters
D:5 3 runed translucent doors, qw's ghost, amateur GrFi
Lair:5 exclusion: 7 lindwurms


Message History

The lindwurm is lightly wounded.
You shoot an arrow.
The arrow completely misses the lindwurm.
The lindwurm breathes flames at you. The blast of flame hits you!!
The lindwurm breathes flames at you. The blast of flame hits you!!
You shoot an arrow. The arrow hits the lindwurm.
The arrow freezes the lindwurm.
The lindwurm is severely wounded.
You shoot an arrow. The arrow hits the lindwurm!
The arrow freezes the lindwurm.
You kill the lindwurm!
Okawaru accepts your kill.
You shoot an arrow. The arrow hits the lindwurm!
The arrow freezes the lindwurm.
The lindwurm is moderately wounded.
You start resting.
You shoot an arrow. The lindwurm roars! x2
The arrow hits the lindwurm!
The arrow freezes the lindwurm.
The lindwurm is heavily wounded.
You shoot an arrow. The arrow hits the lindwurm!
The arrow freezes the lindwurm.
The lindwurm is almost dead.
You shoot an arrow. The arrow barely misses the lindwurm.
The arrow hits the lindwurm but does no damage.
The lindwurm breathes flames at you. The blast of flame hits you!
You start resting.
You shoot an arrow. The arrow hits the lindwurm.
The arrow freezes the lindwurm.
The lindwurm is almost dead.
The lindwurm breathes flames at you. The blast of flame misses you.
You shoot an arrow.
The arrow hits the lindwurm but does no damage.
The lindwurm is almost dead.
The lindwurm breathes flames at you. The blast of flame misses you.
The lindwurm breathes flames at you. The blast of flame hits you!!!
The lindwurm breathes flames at you. The blast of flame hits you!!
You die...

~~~..# $.#..~¤¤~~¤¤# ¤~~.#
<$##.~~~¤~~.### ¤¤~.#
##.~~~¤¤¤...## ¤¤¤..
.#.k~¤¤¤¤¤..#.# # ~~~~..#
#.k~~¤~~~....######## # ~~¤¤...
#..k¤~~~~¤.....##.##.####
~~¤¤¤~....¤¤~~~~~.......#......##
~~~~~¤~~¤¤¤¤~~~~~......##.....##.
~~~~~¤~~~~¤~~¤~~@......#.........
¤~~~~¤¤~~¤~~~¤~..................
..~~~~~~~~~~~¤...................
....¤¤¤¤¤~~¤................###..
##.¤...¤~¤....#............## ###
............#...##.........#
.......##.##...#######....##
#.#..P####....## ###..####
##.%.## ##...# #....#.#


You could see 3 lindwurms.

Vanquished Creatures
  Gastronok (Lair:3)
  5 hydras
  Fannar (Lair:1)
  5 catoblepae
  Erica (D:9)
  2 two-headed ogres
  2 death yaks (Lair:5)
  A skyshark (Lair:4)
  A lindwurm (Lair:5)
  Pikel (D:4)
  An oklob plant (Lair:5)
  3 manticores
  6 black mambas
  4 elephants (Lair:4)
  Joseph (D:7)
  11 cane toads
  7 komodo dragons
  4 rime drakes
  A wind drake (Lair:2)
  4 polar bears
  A hornet (D:9)
  15 blink frogs
  4 dream sheep (Lair:5)
  3 wyverns
  A steam dragon (D:9)
  A basilisk (Lair:5)
  22 yaks
  Grum (D:9)
  13 water moccasins
  7 orc warriors
  2 sky beasts
  4 black bears
  An ice beast (D:6)
  2 ogres
  5 centaurs
  8 wolves
  3 phantoms
  2 kobold brigands
  A gnoll sergeant (D:9)
  7 scorpions
  14 bullfrogs
  7 killer bees (D:8)
  A howler monkey (D:9)
  A gnoll bouda (D:8)
  3 jellies
  9 orc priests
  2 hounds (D:5)
  2 sleepcaps
  Jessica (D:2)
  3 iguanas
  7 orc wizards
  Natasha (D:2)
  19 gnolls
  12 adders
  2 white imps (D:7)
  An ufetubus (D:7)
  A worm (Lair:2)
  5 dart slugs
  48 orcs
  11 endoplasms
  4 giant cockroaches
  9 goblins
  9 hobgoblins
  3 jackals (D:3)
  11 kobolds
  5 quokkas
  4 ball pythons
  3 bats
  6 frilled lizards
  10 rats
379 creatures vanquished.

Notes
Turn   | Place    | Note
-------+----------+-------------------------------------------
     0 | D:1      | qw the Minotaur Hunter began the quest for the Orb.
     0 | D:1      | Reached XP level 1. HP: 18/18 MP: 0/0
     0 | D:1      | 0 ||| qw: Version: 0.2-a-120-gdf1a93b
     0 | D:1      | 0 ||| qw: Game counter: 2953
     0 | D:1      | 0 ||| qw: Always use a shield: true
     0 | D:1      | 0 ||| qw: God list: Okawaru
     0 | D:1      | 0 ||| qw: Allow faded altars: false
     0 | D:1      | 0 ||| qw: Do Orc after D:15 true
     0 | D:1      | 0 ||| qw: Do second Lair branch before Depths: true
     0 | D:1      | 0 ||| qw: Lair rune preference: random
     0 | D:1      | 0 ||| qw: Plans: Normal
     0 | D:1      | 0 ||| PLANNING D:1-11
   137 | D:1      | Reached XP level 2. HP: 25/25 MP: 1/1
   145 | D:1      | Found a faded altar of an unknown god.
   244 | D:1      | Reached skill level 5 in Ranged Weapons
   620 | D:1      | Reached skill level 3 in Fighting
   733 | D:1      | 733 ||| UPGRADING to amulet of faith.
   738 | D:1      | 738 ||| UPGRADING to ring of resist corrosion.
   739 | D:1      | 739 ||| READING scroll labelled NESHRUM XONILEV.
   744 | D:1      | 744 ||| READING scroll labelled CAEMANGU SILA.
   745 | D:1      | 745 ||| READING scroll labelled ROEVIT VEHE.
   746 | D:1      | 746 ||| DROPPING scroll of butterflies.
   836 | D:2      | Reached XP level 3. HP: 25/31 MP: 2/2
  1220 | D:2      | Found Axta Dar's Vocational Training.
  1231 | D:2      | Noticed Jessica
  1234 | D:2      | Killed Jessica
  1235 | D:2      | Reached skill level 6 in Ranged Weapons
  1235 | D:2      | Reached XP level 4. HP: 38/38 MP: 3/3
  1461 | D:2      | Noticed Natasha
  1466 | D:2      | Killed Natasha
  1467 | D:2      | Reached XP level 5. HP: 47/47 MP: 4/4
  1495 | D:2      | Found a shadowy altar of Dithmenos.
  1625 | D:2      | 1625 ||| UPGRADING to +0 pair of gloves.
  1682 | D:3      | Reached skill level 1 in Armour
  1683 | D:3      | 1683 ||| FLEEEEING.
  1684 | D:3      | 1684 ||| FLEEEEING.
  1685 | D:3      | 1685 ||| FLEEEEING.
  1686 | D:3      | 1686 ||| FLEEEEING.
  1687 | D:3      | 1687 ||| FLEEEEING.
  1716 | D:3      | 1716 ||| Stepping ~*~*~tactically~*~*~ (outnumbered).
  1837 | D:3      | Found a snail-covered altar of Cheibriados.
  1857 | D:3      | Reached skill level 7 in Ranged Weapons
  1860 | D:3      | Reached XP level 6. HP: 47/53 MP: 5/5
  1872 | D:3      | HP: 13/53 [frozen (2)]
  1873 | D:3      | 1873 ||| READING 2 scrolls of teleportation.
  1876 | D:3      | 1876 ||| READING scroll of teleportation.
  2022 | D:3      | Found a runed translucent door.
  2024 | D:3      | Noticed qw's ghost (amateur MiHu)
  2336 | D:3      | Noticed a sky beast
  2341 | D:3      | 2341 ||| UPGRADING to +1 leather armour of poison
                  | resistance.
  2353 | D:3      | Killed a sky beast
  2464 | D:3      | 2464 ||| UPGRADING to +1 leather armour of poison
                  | resistance.
  2474 | D:3      | 2474 ||| DROPPING +0 leather armour.
  2590 | D:3      | HP: 7/53 [centaur/arrow (9)]
  2592 | D:3      | Reached skill level 8 in Ranged Weapons
  3084 | D:3      | 3084 ||| READING scroll labelled JENOYH WURU.
  3085 | D:3      | 3085 ||| READING scroll labelled JOASCHY POMN.
  3086 | D:3      | 3086 ||| READING scroll labelled ZEPPIF UFIE.
  3229 | D:4      | 3229 ||| STAIRDANCE
  3332 | D:4      | 3332 ||| Stepping ~*~*~tactically~*~*~ (outnumbered).
  3335 | D:4      | Reached XP level 7. HP: 61/61 MP: 6/6
  3345 | D:4      | Reached skill level 3 in Dodging
  3396 | D:4      | 3396 ||| FLEEEEING.
  3397 | D:4      | 3397 ||| STAIRDANCE
  3576 | D:4      | Found a transporter.
  3583 | D:4      | Noticed a kobold demonologist
  3593 | D:4      | Identified the +0 ring mail of the Flute {Int+3}
  3643 | D:4      | Found a transporter.
  3792 | D:4      | Noticed Pikel
  3811 | D:4      | HP: 12/61 [Pikel/+2 whip of flaming (5)]
  3813 | D:4      | HP: 5/61 [Pikel/+2 whip of flaming (6)]
  3814 | D:4      | Killed Pikel
  3815 | D:4      | Reached skill level 10 in Ranged Weapons
  3815 | D:4      | Reached XP level 8. HP: 3/68 MP: 7/7
  4219 | D:4      | Found Moumn's Assorted Antiques.
  4233 | D:4      | 4233 ||| BUYING purple potion (24 gold).
  4233 | D:4      | Bought a purple potion for 24 gold pieces
  4233 | D:4      | 4233 ||| BUYING purple potion (24 gold).
  4233 | D:4      | Bought a purple potion for 24 gold pieces
  4233 | D:4      | 4233 ||| BUYING purple potion (24 gold).
  4233 | D:4      | Bought a purple potion for 24 gold pieces
  4233 | D:4      | 4233 ||| BUYING scroll labelled ZUIREG ACWELEG (27 gold).
  4233 | D:4      | Bought a scroll labelled ZUIREG ACWELEG for 27 gold pieces
  4233 | D:4      | 4233 ||| BUYING scroll of teleportation (81 gold).
  4233 | D:4      | Bought a scroll of teleportation for 81 gold pieces
  4233 | D:4      | 4233 ||| SHOPLISTING wooden ring (135 gold, have 64).
  4474 | D:4      | Found a staircase to the Ecumenical Temple.
  4475 | D:4      | 4475 ||| PLANNING TEMPLE
  4475 | D:4      | 4475 ||| DROPPING +0 ring mail of the Flute {Int+3}.
  4476 | D:4      | 4476 ||| DROPPING amulet of regeneration.
  4477 | D:4      | 4477 ||| DROPPING ring of flight.
  4478 | D:4      | 4478 ||| READING scroll labelled NEEF DACETSUKHELI.
  4479 | D:4      | 4479 ||| READING scroll labelled VADEHE WAMPUN.
  4480 | D:4      | 4480 ||| READING scroll labelled ZUIREG ACWELEG.
  4481 | D:4      | 4481 ||| DRINKING 5 purple potions.
  4490 | Temple   | Entered the Ecumenical Temple
  4574 | Temple   | 4574 ||| PLANNING OKAWARU WORSHIP
  4634 | Temple   | Became a worshipper of Warmaster Okawaru
  4634 | Temple   | 4634 ||| PLANNING D:1-11
  4847 | D:5      | Entered Level 5 of the Dungeon
  4881 | D:5      | Reached skill level 6 in Fighting
  4932 | D:5      | Noticed qw's ghost (amateur GrFi)
  5209 | D:5      | Found a runed translucent gate.
  5209 | D:5      | Found a runed translucent gate.
  5209 | D:5      | Found a runed translucent gate.
  5345 | D:5      | Reached * piety under Okawaru
  5864 | D:5      | 5864 ||| READING scroll of enchant armour.
  5864 | D:5      | 5864 ||| ENCHANTING +0 pair of gloves.
  5944 | D:5      | Found a hazy altar of Hepliaklqana.
  5954 | D:5      | Reached skill level 1 in Invocations
  5978 | D:5      | Found a shimmering blue altar of Sif Muna.
  5980 | D:5      | 5980 ||| SWAPPING to +0 orcbow.
  5981 | D:5      | 5981 ||| DROPPING +0 shortbow.
  6336 | D:5      | 6336 ||| READING scroll labelled TIUVUM MUETERE.
  6337 | D:5      | 6337 ||| READING 2 scrolls of identify.
  6337 | D:5      | 6337 ||| IDENTIFYING cyan potion
  6338 | D:5      | 6338 ||| DROPPING potion of enlightenment.
  6365 | D:6      | 6365 ||| STAIRDANCE
  6478 | D:6      | Identified the +7 quarterstaff of Vecem {heavy, rF++ Dex-3}
  6535 | D:6      | Identified the +2 leather armour of the Aged Queens {rC+
                  | rN+ Int+3 Dex+3}
  6542 | D:6      | 6542 ||| Stepping ~*~*~tactically~*~*~ (outnumbered).
  6544 | D:6      | 6544 ||| Stepping ~*~*~tactically~*~*~ (outnumbered).
  6546 | D:6      | 6546 ||| Stepping ~*~*~tactically~*~*~ (outnumbered).
  6622 | D:6      | 6622 ||| INVOKING Heroism.
  6735 | D:6      | Reached skill level 3 in Invocations
  6735 | D:6      | Reached XP level 9. HP: 69/79 MP: 10/10
  6810 | D:6      | 6810 ||| INVOKING Heroism.
  6885 | D:6      | Found a basalt altar of Yredelemnul.
  6903 | D:6      | 6903 ||| INVOKING Heroism.
  6926 | D:6      | Reached skill level 11 in Ranged Weapons
  6976 | D:6      | Found a white marble altar of Elyvilon.
  7120 | D:6      | 7120 ||| FLEEEEING.
  7121 | D:6      | 7121 ||| FLEEEEING.
  7122 | D:6      | 7122 ||| FLEEEEING.
  7125 | D:6      | 7125 ||| FLEEEEING.
  7126 | D:6      | 7126 ||| FLEEEEING.
  7127 | D:6      | 7127 ||| FLEEEEING.
  7128 | D:6      | 7128 ||| FLEEEEING.
  7129 | D:6      | 7129 ||| FLEEEEING.
  7130 | D:6      | 7130 ||| FLEEEEING.
  7131 | D:6      | 7131 ||| FLEEEEING.
  7132 | D:6      | 7132 ||| FLEEEEING.
  7133 | D:6      | 7133 ||| FLEEEEING.
  7135 | D:6      | 7135 ||| FLEEEEING.
  7146 | D:6      | 7146 ||| FLEEEEING.
  7147 | D:6      | 7147 ||| FLEEEEING.
  7151 | D:6      | 7151 ||| FLEEEEING.
  7152 | D:6      | 7152 ||| STAIRDANCE
  7216 | D:5      | 7216 ||| DROPPING +0 acid dragon scales.
  7217 | D:5      | 7217 ||| UPGRADING to +2 leather armour of the Aged Queens
                  | {rC+ rN+ Int+3 Dex+3}.
  7227 | D:5      | 7227 ||| READING scroll labelled PIBAIRCH TENAL.
  7228 | D:5      | 7228 ||| READING scroll labelled MIESASH LUOC.
  7229 | D:5      | 7229 ||| READING 2 scrolls of identify.
  7229 | D:5      | 7229 ||| IDENTIFYING bubbling blue potion
  7230 | D:5      | 7230 ||| DROPPING potion of degeneration.
  7385 | D:7      | 7385 ||| INVOKING Heroism.
  7580 | D:7      | 7580 ||| FLEEEEING.
  7581 | D:7      | 7581 ||| FLEEEEING.
  7582 | D:7      | 7582 ||| FLEEEEING.
  7583 | D:7      | 7583 ||| INVOKING Heroism.
  7587 | D:7      | Noticed Joseph
  7590 | D:7      | Reached skill level 6 in Dodging
  7597 | D:7      | 7597 ||| FLEEEEING.
  7598 | D:7      | 7598 ||| FLEEEEING.
  7599 | D:7      | 7599 ||| FLEEEEING.
  7600 | D:7      | 7600 ||| FLEEEEING.
  7601 | D:7      | 7601 ||| FLEEEEING.
  7606 | D:7      | 7606 ||| FLEEEEING.
  7607 | D:7      | 7607 ||| FLEEEEING.
  7761 | D:7      | 7761 ||| FLEEEEING.
  7762 | D:7      | 7762 ||| FLEEEEING.
  8228 | D:7      | 8228 ||| INVOKING Heroism.
  8370 | D:7      | 8370 ||| FLEEEEING.
  8398 | D:7      | Killed Joseph
  8398 | D:7      | Reached ** piety under Okawaru
  8399 | D:7      | Reached skill level 12 in Ranged Weapons
  8447 | D:7      | 8447 ||| INVOKING Heroism.
  8551 | D:7      | 8551 ||| UPGRADING to +2 hat of stealth.
  8556 | D:7      | 8556 ||| READING 2 scrolls of identify.
  8556 | D:7      | 8556 ||| IDENTIFYING murky amethyst potion
  8557 | D:7      | 8557 ||| DROPPING potion of lignification.
  8595 | D:8      | 8595 ||| STAIRDANCE
  8732 | D:8      | Noticed a two-headed ogre
  8733 | D:8      | 8733 ||| INVOKING Heroism.
  8741 | D:8      | Killed a two-headed ogre
  8742 | D:8      | Reached XP level 10. HP: 88/88 MP: 9/12
  8824 | D:8      | Reached skill level 13 in Ranged Weapons
  8840 | D:8      | Reached *** piety under Okawaru
  8982 | D:8      | 8982 ||| INVOKING Heroism.
  8983 | D:8      | 8983 ||| Stepping ~*~*~tactically~*~*~ (outnumbered).
  8999 | D:8      | 8999 ||| Stepping ~*~*~tactically~*~*~ (outnumbered).
  9001 | D:8      | 9001 ||| Stepping ~*~*~tactically~*~*~ (outnumbered).
  9003 | D:8      | 9003 ||| Stepping ~*~*~tactically~*~*~ (outnumbered).
  9005 | D:8      | 9005 ||| Stepping ~*~*~tactically~*~*~ (outnumbered).
  9007 | D:8      | 9007 ||| Stepping ~*~*~tactically~*~*~ (outnumbered).
  9009 | D:8      | 9009 ||| Stepping ~*~*~tactically~*~*~ (outnumbered).
  9011 | D:8      | 9011 ||| Stepping ~*~*~tactically~*~*~ (outnumbered).
  9013 | D:8      | 9013 ||| INVOKING Heroism.
  9014 | D:8      | 9014 ||| Stepping ~*~*~tactically~*~*~ (outnumbered).
  9180 | D:8      | 9180 ||| INVOKING Heroism.
  9234 | D:8      | 9234 ||| INVOKING Heroism.
  9267 | D:8      | Reached skill level 9 in Fighting
  9585 | D:8      | 9585 ||| READING 2 scrolls of identify.
  9585 | D:8      | 9585 ||| IDENTIFYING yellow potion
  9639 | D:9      | 9639 ||| READING scroll of enchant armour.
  9639 | D:9      | 9639 ||| ENCHANTING +1 pair of gloves.
  9668 | D:9      | Found a staircase to the Orcish Mines.
  9670 | D:9      | 9670 ||| INVOKING Heroism.
  9682 | D:9      | 9682 ||| Stepping ~*~*~tactically~*~*~ (outnumbered).
  9683 | D:9      | 9683 ||| Stepping ~*~*~tactically~*~*~ (outnumbered).
  9686 | D:9      | 9686 ||| Stepping ~*~*~tactically~*~*~ (outnumbered).
  9736 | D:9      | 9736 ||| INVOKING Heroism.
  9801 | D:9      | Noticed Grum
  9802 | D:9      | 9802 ||| INVOKING Heroism.
  9820 | D:9      | Killed Grum
  9924 | D:9      | Found a staircase to the Lair.
  9962 | D:9      | 9962 ||| INVOKING Heroism.
  9971 | D:9      | Reached skill level 14 in Ranged Weapons
 10237 | D:9      | 10237 ||| INVOKING Heroism.
 10243 | D:9      | 10243 ||| Stepping ~*~*~tactically~*~*~ (cloud).
 10244 | D:9      | 10244 ||| Stepping ~*~*~tactically~*~*~ (cloud).
 10245 | D:9      | 10245 ||| Stepping ~*~*~tactically~*~*~ (cloud).
 10309 | D:9      | Noticed Erica
 10310 | D:9      | 10310 ||| INVOKING Heroism.
 10319 | D:9      | Killed Erica
 10319 | D:9      | Reached **** piety under Okawaru
 10533 | D:9      | Noticed a two-headed ogre
 10534 | D:9      | 10534 ||| INVOKING Heroism.
 10541 | D:9      | Killed a two-headed ogre
 10542 | D:9      | Reached XP level 11. HP: 101/101 MP: 10/13
 10669 | D:9      | 10669 ||| PLANNING LAIR
 10669 | D:9      | 10669 ||| UPGRADING to +0 cloak.
 10711 | Lair:1   | Entered Level 1 of the Lair of Beasts
 10712 | Lair:1   | 10712 ||| INVOKING Heroism.
 10719 | Lair:1   | Reached skill level 3 in Armour
 10794 | Lair:1   | 10794 ||| INVOKING Heroism.
 11005 | Lair:1   | 11005 ||| INVOKING Heroism.
 11019 | Lair:1   | 11019 ||| INVOKING Heroism.
 11058 | Lair:1   | 11058 ||| INVOKING Heroism.
 11213 | Lair:1   | 11213 ||| INVOKING Heroism.
 11219 | Lair:1   | Reached skill level 6 in Invocations
 11260 | Lair:1   | Noticed Fannar
 11292 | Lair:1   | 11292 ||| INVOKING Heroism.
 11293 | Lair:1   | Killed Fannar
 11415 | Lair:1   | 11415 ||| INVOKING Heroism.
 11450 | Lair:1   | 11450 ||| INVOKING Heroism.
 11709 | Lair:1   | 11709 ||| UPGRADING to ring of poison resistance.
 11710 | Lair:1   | 11710 ||| READING scroll labelled UDATIVEOQO.
 11711 | Lair:1   | 11711 ||| DRINKING 3 amethyst potions.
 11712 | Lair:1   | 11712 ||| DRINKING 2 silvery potions.
 11713 | Lair:1   | 11713 ||| DRINKING 2 fizzy black potions.
 11714 | Lair:1   | 11714 ||| READING 2 scrolls of identify.
 11714 | Lair:1   | 11714 ||| IDENTIFYING inky potion
 11715 | Lair:1   | 11715 ||| DROPPING potion of brilliance.
 11797 | Lair:2   | Found a hole to the Spider Nest.
 11800 | Lair:2   | Reached skill level 15 in Ranged Weapons
 11816 | Lair:2   | Reached ***** piety under Okawaru
 11817 | Lair:2   | Identified the +6 mace "Qaprig" {heavy, rF+++ Str+8 Int-2
                  | Dex-2}
 11861 | Lair:2   | You fall into a shaft and drop 1 floor!
 11862 | Lair:3   | Noticed Gastronok
 11863 | Lair:3   | 11863 ||| INVOKING Heroism.
 11878 | Lair:3   | HP: 9/101 [Gastronok/the air (43)]
 11879 | Lair:3   | 11879 ||| READING 5 scrolls of teleportation.
 11880 | Lair:3   | 11880 ||| DRINKING 2 potions of heal wounds.
 12029 | Lair:2   | Noticed a catoblepas
 12030 | Lair:2   | 12030 ||| INVOKING Heroism.
 12033 | Lair:2   | 12033 ||| Stepping ~*~*~tactically~*~*~ (cloud).
 12042 | Lair:2   | 12042 ||| Stepping ~*~*~tactically~*~*~ (cloud).
 12044 | Lair:2   | 12044 ||| Stepping ~*~*~tactically~*~*~ (cloud).
 12051 | Lair:2   | Killed a catoblepas
 12051 | Lair:2   | Received a gift from Okawaru
 12076 | Lair:2   | 12076 ||| INVOKING Heroism.
 12291 | Lair:2   | Found a staircase to the Shoals.
 12344 | Lair:2   | 12344 ||| INVOKING Heroism.
 12467 | Lair:2   | 12467 ||| INVOKING Heroism.
 12478 | Lair:2   | Reached XP level 12. HP: 107/107 MP: 14/17
 12759 | Lair:2   | 12759 ||| READING 3 scrolls of identify.
 12759 | Lair:2   | 12759 ||| IDENTIFYING green potion
 12760 | Lair:2   | 12760 ||| READING 2 scrolls of identify.
 12760 | Lair:2   | 12760 ||| IDENTIFYING murky emerald potion
 12761 | Lair:2   | 12761 ||| DROPPING potion of ambrosia.
 12884 | Lair:3   | Noticed a six-headed hydra
 12885 | Lair:3   | 12885 ||| INVOKING Heroism.
 12899 | Lair:3   | Killed a six-headed hydra
 12960 | Lair:3   | 12960 ||| INVOKING Heroism.
 12982 | Lair:3   | Noticed a catoblepas
 12983 | Lair:3   | 12983 ||| INVOKING Finesse.
 12986 | Lair:3   | 12986 ||| Stepping ~*~*~tactically~*~*~ (cloud).
 12997 | Lair:3   | 12997 ||| INVOKING Heroism.
 12998 | Lair:3   | Killed a catoblepas
 12999 | Lair:3   | Reached skill level 9 in Dodging
 12999 | Lair:3   | Reached skill level 9 in Invocations
 13187 | Lair:3   | 13187 ||| INVOKING Heroism.
 13200 | Lair:3   | Killed Gastronok
 13613 | Lair:4   | Reached skill level 16 in Ranged Weapons
 13613 | Lair:4   | 13613 ||| FLEEEEING.
 13614 | Lair:4   | 13614 ||| FLEEEEING.
 13615 | Lair:4   | 13615 ||| FLEEEEING.
 13626 | Lair:4   | 13626 ||| INVOKING Heroism.
 13664 | Lair:4   | Received a gift from Okawaru
 13676 | Lair:4   | 13676 ||| INVOKING Heroism.
 14203 | Lair:4   | 14203 ||| DROPPING +3 leather armour.
 14204 | Lair:4   | 14204 ||| READING scroll labelled IRRITS VAVUFI.
 14205 | Lair:4   | 14205 ||| READING 3 scrolls of identify.
 14205 | Lair:4   | 14205 ||| IDENTIFYING ruby potion
 14206 | Lair:4   | 14206 ||| READING 2 scrolls of identify.
 14206 | Lair:4   | 14206 ||| IDENTIFYING smoky sapphire potion
 14207 | Lair:4   | 14207 ||| DROPPING potion of invisibility.
 14230 | Lair:5   | Entered Level 5 of the Lair of Beasts
 14231 | Lair:5   | 14231 ||| INVOKING Heroism.
 14232 | Lair:5   | 14232 ||| INVOKING Finesse.
 14294 | Lair:5   | 14294 ||| INVOKING Heroism.
 14364 | Lair:5   | Noticed a six-headed hydra
 14366 | Lair:5   | 14366 ||| INVOKING Heroism.
 14367 | Lair:5   | 14367 ||| INVOKING Finesse.
 14380 | Lair:5   | Killed a six-headed hydra
 14482 | Lair:5   | Reached skill level 12 in Fighting
 14513 | Lair:5   | Noticed a seven-headed hydra
 14514 | Lair:5   | 14514 ||| INVOKING Heroism.
 14515 | Lair:5   | 14515 ||| INVOKING Finesse.
 14520 | Lair:5   | Killed a seven-headed hydra
 14521 | Lair:5   | Reached XP level 13. HP: 119/119 MP: 11/19
 14589 | Lair:5   | 14589 ||| INVOKING Heroism.
 14593 | Lair:5   | 14593 ||| INVOKING Finesse.
 14730 | Lair:5   | 14730 ||| FLEEEEING.
 14731 | Lair:5   | 14731 ||| FLEEEEING.
 14732 | Lair:5   | 14732 ||| FLEEEEING.
 14743 | Lair:5   | 14743 ||| INVOKING Heroism.
 14936 | Lair:5   | 14936 ||| FLEEEEING.
 14937 | Lair:5   | 14937 ||| FLEEEEING.
 14938 | Lair:5   | 14938 ||| FLEEEEING.
 14939 | Lair:5   | 14939 ||| FLEEEEING.
 14940 | Lair:5   | 14940 ||| FLEEEEING.
 14941 | Lair:5   | 14941 ||| FLEEEEING.
 14942 | Lair:5   | 14942 ||| FLEEEEING.
 14943 | Lair:5   | 14943 ||| FLEEEEING.
 14944 | Lair:5   | 14944 ||| FLEEEEING.
 14945 | Lair:5   | 14945 ||| FLEEEEING.
 14946 | Lair:5   | 14946 ||| FLEEEEING.
 14947 | Lair:5   | 14947 ||| FLEEEEING.
 14948 | Lair:5   | 14948 ||| FLEEEEING.
 14949 | Lair:5   | 14949 ||| FLEEEEING.
 14950 | Lair:5   | 14950 ||| FLEEEEING.
 14951 | Lair:5   | 14951 ||| FLEEEEING.
 14952 | Lair:5   | 14952 ||| FLEEEEING.
 14953 | Lair:5   | 14953 ||| FLEEEEING.
 14954 | Lair:5   | 14954 ||| FLEEEEING.
 14955 | Lair:5   | 14955 ||| FLEEEEING.
 14956 | Lair:5   | 14956 ||| FLEEEEING.
 14957 | Lair:5   | 14957 ||| FLEEEEING.
 14958 | Lair:5   | 14958 ||| FLEEEEING.
 14959 | Lair:5   | 14959 ||| FLEEEEING.
 14960 | Lair:5   | 14960 ||| FLEEEEING.
 14961 | Lair:5   | 14961 ||| FLEEEEING.
 14962 | Lair:5   | 14962 ||| FLEEEEING.
 14963 | Lair:5   | 14963 ||| FLEEEEING.
 14964 | Lair:5   | 14964 ||| FLEEEEING.
 14965 | Lair:5   | 14965 ||| FLEEEEING.
 14966 | Lair:5   | 14966 ||| FLEEEEING.
 14967 | Lair:5   | 14967 ||| FLEEEEING.
 14968 | Lair:5   | 14968 ||| FLEEEEING.
 14969 | Lair:5   | 14969 ||| FLEEEEING.
 14970 | Lair:5   | 14970 ||| FLEEEEING.
 14971 | Lair:5   | 14971 ||| FLEEEEING.
 14972 | Lair:5   | 14972 ||| FLEEEEING.
 15018 | Lair:5   | 15018 ||| INVOKING Heroism.
 15083 | Lair:5   | 15083 ||| INVOKING Heroism.
 15150 | Lair:5   | 15150 ||| INVOKING Heroism.
 15170 | Lair:5   | 15170 ||| INVOKING Finesse.
 15326 | Lair:5   | 15326 ||| Stepping ~*~*~tactically~*~*~ (cloud).
 15333 | Lair:5   | 15333 ||| INVOKING Heroism.
 15334 | Lair:5   | 15334 ||| Stepping ~*~*~tactically~*~*~ (cloud).
 15337 | Lair:5   | 15337 ||| INVOKING Finesse.
 15342 | Lair:5   | 15342 ||| Stepping ~*~*~tactically~*~*~ (cloud).
 15343 | Lair:5   | 15343 ||| Stepping ~*~*~tactically~*~*~ (cloud).
 15443 | Lair:5   | 15443 ||| INVOKING Heroism.
 15454 | Lair:5   | 15454 ||| READING 2 scrolls of identify.
 15454 | Lair:5   | 15454 ||| IDENTIFYING pink potion
 15471 | Lair:5   | 15471 ||| INVOKING Heroism.
 15472 | Lair:5   | 15472 ||| INVOKING Finesse.
 15627 | Lair:5   | 15627 ||| INVOKING Heroism.
 15657 | Lair:5   | Found a staircase to the Slime Pits.
 15731 | Lair:5   | 15731 ||| INVOKING Heroism.
 15732 | Lair:5   | 15732 ||| INVOKING Finesse.
 15739 | Lair:5   | Received a gift from Okawaru
 15753 | Lair:5   | Reached skill level 12 in Dodging
 15797 | Lair:5   | 15797 ||| Stepping ~*~*~tactically~*~*~ (cloud).
 15831 | Lair:5   | 15831 ||| INVOKING Heroism.
 16133 | Lair:5   | 16133 ||| INVOKING Heroism.
 16151 | Lair:5   | HP: 25/125 [lindwurm/blast of flame (39)]
 16151 | Lair:5   | Killed from afar by a lindwurm

Levels and vault maps discovered:
D:1:      minmay_arrival_four_houses, layout_basic,
          hellmonk_ecumenical_altar_inner_sanctum, minivault_4,
          amcnicky_mini_rare_corridor_liquid, minmay_fountain_box,
          minmay_liquid_box
D:2:      layout_basic, serial_corexii_hall, corexii_hall_statues_deadend,
          chequers_hall_statues_corner_a, basic_altar, nicolae_shop_vocational,
          uniq_jessica, uniq_natasha
D:3:      layout_basic, mainiacjoe_overflow_concentric_impassable,
          ebering_ghost_inner_flame
D:4:      gammafunk_wand_slinger, layout_loops_ring, temple_hall, serial_shops,
          nicolae_shop_overgrown_old_shop, corexii_corridor_pit,
          patterned_corridor, uniq_pikel
D:5:      layout_layer_cave, jmf_multi_god_temple, gammafunk_ghost_icy,
          dreamdust_princess_bridge
D:6:      layout_basic, kennysheep_ying_yang
D:7:      layout_basic, uniq_joseph
D:8:      layout_basic
D:9:      layout_roguey, lair_entry_dummy, david_orc_5,
          kennysheep_generic_room_6, uniq_erica, uniq_grum
Temple:   nicolae_temple_elliptical
Lair:1:   layout_hall_layers, beast_lair_carwin_9, infiniplex_staircase_pool_2,
          uniq_fannar
Lair:2:   layout_gridlike, minmay_shoals_entry_beasts,
          nicolae_spider_entry_non_spiders, cheibrodos_lair_reptile_den
Lair:3:   layout_misc_corridors, portal_ice_cave_entry_pillars_1,
          chequers_serial_rivers_large_b, uniq_gastronok
Lair:4:   layout_cave_shapes, lemuel_fruit_fields
Lair:5:   evilmike_catoblepas_cave, layout_layer_cave, slime_entry_1,
          minmay_lindwurm_lava

Skill      XL: |  1  2  3  4  5  6  7  8  9 10 11 12 13 |
---------------+----------------------------------------+-----
Ranged Weapons | 5 6 7 8 10 12 14 15 16 | 16.0
Fighting       | 3 4 5 7 8 10 12 14 | 14.3
Armour         | 1 2 3 4 5 |  5.0
Dodging        | 3 4 6 7 8 10 12 | 12.0
Invocations    | 3 4 8 10 | 10.0
Stealth        | |  0.7

Action                     |  1- 3 |  4- 6 |  7- 9 | 10-12 | 13-15 || total
---------------------------+-------+-------+-------+-------+-------++-------
   Fire: Shortbow          |    92 |   163 |   183 |       |       ||   438
         Orcbow            |       |       |   222 |   731 |   230 ||  1183
 Invoke: Heroism           |       |       |     8 |    35 |    12 ||    55
         Finesse           |       |       |       |     4 |     5 ||     9
    Use: Scroll            |     3 |     5 |    10 |    10 |     1 ||    29
         Potion            |       |       |     1 |     4 |       ||     5
 Armour: Leather armour    |     6 |    17 |    32 |    81 |     5 ||   141
  Dodge: Dodged            |    18 |    59 |   126 |   280 |    45 ||   528

Table legend:
 A = Non-vault XP
 B = Vault XP
 C = Vault XP percentage of total XP
 D = Non-vault monster count
 E = Vault monster count
 F = Vault count percentage of total count
                 A         B        C        D         E       F
            +---------+---------+-------+---------+---------+-------
      Total |   39928 |   15477 |  27.9 |     304 |      75 |  19.8
            +---------+---------+-------+---------+---------+-------
        D:1 |      36 |       0 |   0.0 |      21 |       0 |   0.0
        D:2 |      94 |      72 |  43.4 |      26 |       2 |   7.1
        D:3 |     459 |       0 |   0.0 |      31 |       0 |   0.0
        D:4 |     432 |     586 |  57.6 |      30 |       1 |   3.2
        D:5 |     517 |     195 |  27.4 |      10 |       2 |  16.7
        D:6 |     955 |       0 |   0.0 |      28 |       0 |   0.0
        D:7 |    1269 |     460 |  26.6 |      18 |       1 |   5.3
        D:8 |    2429 |       0 |   0.0 |      29 |       0 |   0.0
        D:9 |    1478 |    2407 |  62.0 |      12 |      29 |  70.7
     Lair:1 |    4415 |    1948 |  30.6 |      19 |       7 |  26.9
     Lair:2 |    2519 |    1676 |  40.0 |       8 |      17 |  68.0
     Lair:3 |    5587 |    1523 |  21.4 |      15 |       1 |   6.2
     Lair:4 |    6098 |       0 |   0.0 |      20 |       0 |   0.0
     Lair:5 |   13640 |    6610 |  32.6 |      37 |      15 |  28.8
            +---------+---------+-------+---------+---------+-------
